 Dungeon Crawl Stone Soup version 0.27-a0-1232-gc6a4cbde82 (webtiles) character file.

Game seed: 8540605397003155569

430 mordus the Cudgeller (level 6, -1/59 HPs)
             Began as a Troll Monk on June 8, 2021.
             Succumbed to a hornet's poison
             ... on level 4 of the Dungeon.
             The game lasted 00:04:55 (2142 turns).

mordus the Cudgeller (Troll Monk)                   Turns: 2142, Time: 00:04:56

Health: -1/59      AC:  4    Str: 21    XL:     6   Next: 66%
Magic:  1/5        EV: 10    Int:  6    God:
Gold:   251        SH:  0    Dex: 13    Spells: 5/5 levels left

rFire    . . .     SeeInvis .   m - +0 whip (elec)
rCold    . . .     Faith    .   (no shield)
rNeg     . . .     Spirit   +   b - +0 robe
rPois    .         Reflect  .   (helmet restricted)
rElec    .         Harm     .   h - scarf {shadows}
rCorr    .         Rampage  .   (gloves unavailable)
Will     .....                  (boots unavailable)
Stlth    ++........             d - amulet of guardian spirit
HPRegen  1.19/turn              (no ring)
MPRegen  0.09/turn              (no ring)

@: lethally poisoned (-1 -> -8), flying, slowed, very slow
A: large, unfitting armour, claws 3, regeneration 1, shaggy fur 1, tough skin 1
a: no special abilities


You were on level 4 of the Dungeon.
You visited 1 branch of the dungeon, and saw 4 of its levels.

You collected 251 gold pieces.

Inventory:

Hand Weapons
 a - a +0 mace
 m - a +0 whip of electrocution (weapon)
Armour
 b - a +0 robe (worn)
 h - a scarf of shadows (worn)
Jewellery
 d - an amulet of guardian spirit (around neck)
Wands
 i - a wand of polymorph (9)
Scrolls
 e - 2 scrolls of immolation {unknown}
 g - a scroll of magic mapping {unknown}
 j - a scroll of noise {unknown}
 k - 3 scrolls of identify {unknown}
 l - a scroll of enchant armour {unknown}
 n - 3 scrolls of teleportation {unknown}
Potions
 c - a potion of flight
 f - a potion of haste {unknown}
 o - a potion of invisibility {unknown}
 p - a potion of degeneration {unknown}
 q - 2 potions of cancellation {unknown}


   Skills:
 - Level 2.4 Fighting
 + Level 7.0 Maces & Flails
 - Level 2.4 Dodging
 - Level 1.0 Stealth


You had 5 spell levels left.
You didn't know any spells.
Your spell library was empty.

Dungeon Overview and Level Annotations

Branches:
Dungeon (4/15)
 Temple: D:4-7

Altars:
Zin

Shops:
D:3 *(*=(


Innate Abilities, Weirdness & Mutations

You are too large for most types of armour.
You have claws for hands.
Your natural rate of healing is unusually fast.
You are covered in fur. (AC +1)
You have tough skin. (AC +1)


Message History

The hornet is lightly wounded.
The hornet stings you.
You are poisoned.
You feel yourself slow down.
There are monsters nearby!
You closely miss the hornet.
The hornet is lightly wounded.
You feel very sick. The hornet stings you!
You are more poisoned.
You feel as though you will be slow longer.
The hornet stings you.
You feel as though you will be slow longer.
The ball python hisses angrily.
There are monsters nearby!
You hit the hornet but do no damage. Lightning courses through the hornet!!
The hornet is severely wounded.
You feel very sick. The hornet stings you!
* * * LOW HITPOINT WARNING * * *
You are lethally poisoned!
You feel as though you will be slow longer.
The ball python bites you but does no damage.
The hornet completely misses you.
You hit the hornet. Lightning courses through the hornet!
You kill the hornet!
* * * LOW HITPOINT WARNING * * *
You feel very sick. The ball python bites you.
* * * LOW HITPOINT WARNING * * *
The ball python barely misses you.
Your Maces & Flails skill gained 2 levels and is now at level 7!
You have reached level 6!
Your experience leads to an increase in your attributes!
Increase (S)trength, (I)ntelligence, or (D)exterity?
You feel stronger. x2
It was a potion of flight.
You feel very buoyant.
You fly up into the air.
You die...

..............
#######.......
##...[...
#.......#
#!......#
#.......#
#####.......#
............#
......@.....#
......S†.(>.#
............#
............#
............#
............#
............#


You could see a ball python.

Vanquished Creatures
  A hornet (D:4)
  Blork the orc (D:4)
  A jelly (D:4)
  Natasha (D:4)
  4 adders
  3 worms
  2 orcs (D:3)
  6 ball pythons
  5 endoplasms
  4 giant cockroaches
  4 goblins
  5 hobgoblins
  5 jackals
  2 quokkas
  3 bats
  4 kobolds
  6 rats
57 creatures vanquished.

Notes
Turn   | Place    | Note
-------+----------+-------------------------------------------
     0 | D:1      | mordus the Troll Monk began the quest for the Orb.
     0 | D:1      | Reached XP level 1. HP: 22/22 MP: 0/0
   229 | D:1      | Reached skill level 3 in Maces & Flails
   451 | D:1      | Reached XP level 2. HP: 29/29 MP: 1/1
   823 | D:2      | Found a faded altar of an unknown god.
   963 | D:2      | Reached XP level 3. HP: 36/36 MP: 2/2
  1010 | D:2      | Reached skill level 4 in Maces & Flails
  1351 | D:2      | You fall into a shaft and drop 1 floor!
  1351 | D:3      | Found Agrusm's Weapon Shop.
  1351 | D:3      | Found Rigridof's Jewellery Shop.
  1402 | D:3      | Reached XP level 4. HP: 44/44 MP: 3/3
  1492 | D:3      | Found Ickolag's Antique Weapon Shoppe.
  1532 | D:3      | Found Astrochemn's Assorted Antiques.
  1623 | D:3      | Found Rineyxaf's General Store.
  1941 | D:3      | Found a glowing silver altar of Zin.
  2017 | D:4      | Noticed Natasha
  2032 | D:4      | Reached skill level 5 in Maces & Flails
  2038 | D:4      | Killed Natasha
  2039 | D:4      | Reached XP level 5. HP: 47/50 MP: 1/4
  2098 | D:4      | Noticed Blork the orc
  2103 | D:4      | Killed Blork the orc
  2132 | D:4      | Noticed a hornet
  2141 | D:4      | Killed a hornet
  2141 | D:4      | HP: 2/50 [ball python (3)]
  2142 | D:4      | Reached skill level 7 in Maces & Flails
  2142 | D:4      | Reached XP level 6. HP: 2/59 MP: 1/5
  2142 | D:4      | Succumbed to a hornet's poison

Illustrated notes

Levels and vault maps discovered:
D:1:      dpeg_arrival_tiny_a, layout_loops_corners, hangedman_decor_opposing,
          chequers_decorated_corner, dk_noncrumbling_3
D:2:      layout_rooms, hellmonk_ecumenical_altar_crossroads,
          grunt_ministairs_2, fountainhead, kennysheep_doodads,
          minmay_misc_feat_rows
D:3:      layout_rooms, zin_scriptorium, serial_shops, shop_coins, shop,
          shop_statue, nicolae_shop_waterfront, nicolae_shop_trees,
          minmay_liquid_box
D:4:      layout_basic, amcnicky_altar_gilded, uniq_blork_the_orc, uniq_natasha,
          uniq_grinder

Skill      XL: |  1  2  3  4  5 |
---------------+----------------+-----
Maces & Flails | 3 4 5 7 |  7.0
Fighting       | |  2.4
Dodging        | |  2.4
Stealth        | |  1.0

Action                   |  1- 3 |  4- 6 || total
-------------------------+-------+-------++-------
Melee: Mace              |   130 |    25 ||   155
       Whip              |       |    43 ||    43
  Use: Potion            |       |     1 ||     1
 Stab: Sleeping          |     4 |     2 ||     6
Armor: Robe              |    61 |    17 ||    78
Dodge: Dodged            |    63 |    34 ||    97

Table legend: (Time is in decaauts)
 A = Elapsed time spent in this place.
 B = Non-inter-level travel time spent in this place.
 C = Inter-level travel time spent in this place.
 D = Time resting spent in this place.
 E = Time spent auto-exploring this place.
 F = Levels seen in this place.
 G = Mean time per level.
                   A        B        C        D        E       F      G
               +--------+--------+--------+--------+--------+-----+--------+
         Total |   2175 |   2143 |     32 |     24 |   1655 |   4 |  543.8 |
       Dungeon |   2175 |   2143 |     32 |     24 |   1655 |   4 |  543.8 |
               +--------+--------+--------+--------+--------+-----+--------+

Top non-repeatable levels by time:
     D:1: 818 daAuts
     D:3: 636 daAuts
     D:2: 561 daAuts
     D:4: 158 daAuts
